 Dungeon Sprint DCSS version 0.31-a0-544-gceb718ecc6 (webtiles) character file.

Game seed: 17369909863209062606

36297 rocky1 the Sensei (level 14, -1/174 HPs)
             Began as a Djinni Shapeshifter on Aug 16, 2023.
             Was an Initiate of Gozag.
             Slain by a bunyip (23 damage)
             ... in the Dungeon (Sprint IX: "|||||||||||||||||||||||||||||").
             The game lasted 00:25:41 (7809 turns).

rocky1 the Sensei (Djinni Shapeshifter)             Turns: 7809, Time: 00:25:42

Health: -1/174     AC: 28    Str: 14    XL:     14   Next: 23%
Gold:   2571       EV: 14    Int: 17    God:    Gozag SH:  0 Dex: 20

rFire   + +          +
                       - Unarmed
rCold   + . .        (shield currently unavailable)
rNeg    . . .        t - +11 chain mail of Morality {+Inv rPois rCorr Stlth+}
rPois   ∞            o - +2 hat of Gravity {Dex+5}
rElec   +            r - +1 cloak {rCorr}
rCorr   +            f - +0 pair of gloves of the Vacuum {rPois rC+}
SInv    .            (boots unavailable)
Will    +....        v - amulet of the acrobat Stlth
                     l - +3 ring of intelligence
HPRegen 0.49/turn    k - +2 ring of evasion
MPRegen 0.00/turn

%: no teleportation, acrobat, infuse magic (-2 HP)
@: mighty, berserking, flux-form, resistant, gold aura, flying, hasted, glowing,
invisible (but backlit and visible), very quick
A: glow, contaminating, flying, sickness immunity, fire resistance 2, cold
vulnerability 1, float, innate caster, HP casting, extra vitality 1
a: Begin Untransformation, Renounce Religion, Evoke Invisibility, Potion
Petition, Call Merchant, Bribe Branch


You were in the Dungeon.
You worshipped Gozag.
Gozag was most pleased with you.
You were something dangerously unstable.
You visited 1 branch You collected 15438 gold pieces.
You spent 6179 gold pieces at shops.
You paid 6688 gold pieces to Gozag.

Inventory:

Hand Weapons
 q - a +6 scimitar of protection
Missiles
 j - 7 javelins (quivered)
Armour
 f - the +0 pair of gloves of the Vacuum (worn) {rPois rC+}
   (You bought it in a shop in the Dungeon)

   rC+:       It protects you from cold.
   rPois:     It protects you from poison
 o - the +2 hat of Gravity (worn) {Dex+5}
   (You bought it in a shop in the Dungeon)

   Dex+5:     It affects your dexterity (+5).
 r - a +1 cloak of preservation (worn)
 s - the +3 crystal plate armour of Meniafaq {Rampage rF++ rC- Dex+3}
   (You bought it in a shop in the Dungeon)

   Dex+3:     It affects your dexterity (+3).
   rF++:      It greatly protects you from fire.
   rC-:       It makes you vulnerable to cold.
   Rampage:   It bestows one free step when moving towards enemies.
 t - the +11 chain mail of Morality (worn) {+Inv rPois rCorr Stlth+}
   (You bought it in a shop in the Dungeon)

   rPois:     It protects you from poison +Inv: It lets you turn invisible.
   rCorr:     It protects you from acid and corrosion.
   Stlth+:    It makes you more stealthy.
 u - the +6 chain mail of the Wasteland {rF+}
   (You bought it in a shop in the Dungeon)

   rF+:       It protects you from fire.
 x - +1 ice dragon scales
 y - a +2 robe of resistance
Jewellery
 b - the ring of the Middle {rF+ rCorr}
   (You bought it in a shop in the Dungeon)

   [ring of resist corrosion]

   rF+:       It protects you from fire.
   rCorr:     It protects you from acid and corrosion.
 k - a +2 ring of evasion (right hand)
 l - a +3 ring of intelligence (left hand)
 v - an amulet of the acrobat (around neck)
 w - a ring of see invisible
Talismans
 c - a beast talisman
 d - a flux talisman (active)
Wands
 B - a wand of iceblast (1)
Scrolls
 g - 3 scrolls of enchant armour
 h - a scroll of vulnerability
 m - 2 scrolls of revelation
 n - a scroll of torment
 p - 6 scrolls of enchant weapon
 D - a scroll of fog
 F - a scroll of brand weapon
Potions
 a - 3 potions of brilliance
 e - 4 potions of curing
 i - a potion of haste
 z - 2 potions of might
 C - a potion of attraction
 E - a potion of enlightenment


   Skills:
 + Level 16.2 Fighting
 - Level 0.9 Throwing
 - Level 9.9 Armour
 - Level 9.5 Dodging
 - Level 3.2 Stealth
 + Level 21.9 Unarmed Combat
 - Level 6.0 Spellcasting
 - Level 6.0 Conjurations
 - Level 6.0 Hexes
 - Level 6.0 Summonings
 - Level 6.0 Necromancy
 - Level 6.0 Translocations
 - Level 6.0 Transmutations
 - Level 6.0 Fire Magic
 - Level 6.0 Ice Magic
 - Level 6.0 Air Magic
 - Level 6.0 Earth Magic
 - Level 6.0 Poison Magic
 - Level 0.4 Evocations
 * Level 16.1 Shapeshifting


You knew the following spells:

 Your Spells              Type           Power      Damage    Failure   Level
a - Summon Small Mammal   Summ           100%       N/A       11%         1
b - Lesser Beckoning      Tloc           50%        N/A       17%         2
c - Momentum Strike       Conj/Tloc      50%        3d9       17%         2
d - Petrify               Tmut/Erth      25%        N/A       73%         4
e - Metabolic Englaciati  Hex/Ice        12%        N/A       97%         5
f - Summon Mana Viper     Hex/Summ       25%        N/A       97%         5
Your spell library was empty.

Dungeon Overview and Level Annotations

Branches:
Dungeon (1/1)

Altars:
Cheibriados
Dithmenos
Elyvilon
Fedhas
Gozag
Hepliaklqana
Makhleb
Nemelex Xobeh
Okawaru
Qazlal
Ru
Trog
Uskayaw
Wu Jian
Xom
Yredelemnul
Zin
The Shining One
Jiyva
Lugonu

Shops:
D [*[?(([**


Innate Abilities, Weirdness & Mutations

You are something dangerously unstable.
You glow with magical radiation, making you easy to see and hit.
Foes you strike become dangerously contaminated with magical radiation.
You are flying.
You are incapable of wielding weapons or throwing items.
You are immune to sickness and miasma.
You are immune to poison.
Your flesh is very heat resistant. (rF++)
You are vulnerable to cold. (rC-)
You float through the air rather than walking.
You learn spells naturally, not from books.
Your magical power is your life essence.
You have superior vitality. (+4 MHP)


Message History

Okay, then. [a] - 308 gold - resistance and might [b] - 84 gold - curing [c] - 640 gold - resistance, might, haste and invisibility Purchase which effect?
You no longer have enough gold to bribe branches to halt enemies' attacks and recruit allies.
You feel protected.
You feel very mighty all of a sudden.
You feel yourself speed up.
You become transparent, but the glow from your form prevents you from becoming completely invisible.
You are engulfed in spectral mist.
The bunyip is engulfed in spectral mist.
The bunyip dies!
The spectral five-headed hydra bites you!
* * * LOW HITPOINT WARNING * * *
The spectral five-headed hydra completely misses you.
The spectral five-headed hydra bites you.
* * * LOW HITPOINT WARNING * * *
The spectral five-headed hydra barely misses you.
The spectral five-headed hydra bites you.
* * * LOW HITPOINT WARNING * * *
Unknown command.
Unknown command.
Unknown command.
Okay, then. [a] - 364 gold - heal wounds, curing and berserk rage [b] - 792 gold - heal wounds, curing, berserk rage, haste and resistance [c] - 360 gold - invisibility and might Purchase which effect?
You feel much better.
You feel better.
A red film seems to cover your vision as you go berserk!
You feel yourself moving faster!
You feel mighty!
You are engulfed in spectral mist.
* * * LOW HITPOINT WARNING * * *
The bunyip claws you!!
* * * LOW HITPOINT WARNING * * *
The bunyip claws you.
* * * LOW HITPOINT WARNING * * *
The bunyip claws you!!
You die...
Your body crumbles into a pile of gold.

,,,,,,,,,,,,,,,,,,,,,,,,,,,,,+,,,
*********************************
,,,,,,,,,,,,,,,,,,,,,,,,,,,,,,,,,
*********************************
,,,,,,,,+,,,,,,,,,,,,,,,,,,,,,+,,
*********************************
,,,,,,,,,,,,,,,,,,,,,,,,,,,,,,,,,
▓▓▓▓▓▓▓▓▓▓▓▓▓▓▓▓▓♣♣♣♣♣♣♣*********
.∩..)).'.§§§§ZZZBxZtf$RZv,,+,,,,,
▓▓▓▓▓▓▓▓▓▓▓▓▓▓▓▓▓♣♣♣♣♣♣♣♣♣♣▓▓▓▓▓▓
......)..........................
▓▓▓▓▓▓▓▓▓▓▓▓▓▓▓▓▓▓▓▓▓▓▓▓▓▓▓▓▓▓▓▓▓
[[[...........))().......∩(...'..
▓▓▓▓▓▓▓▓▓▓▓▓▓▓▓▓▓▓▓▓▓▓▓▓▓▓▓▓▓▓▓▓▓
.................................
▓▓▓▓▓▓▓▓▓▓▓▓▓▓▓▓▓▓▓▓▓▓▓▓▓▓▓▓▓▓▓▓▓
[.[[.......)')))..∩.∩.∩)∩)....'..


You could see a shambling mangrove, a bunyip (strong, heavy contam), an
eleionoma, a ghost crab, a spectral ball python (summoned), 2 spectral adders, a
spectral quokka (summoned) and a spectral five-headed hydra (summoned, strong).

Vanquished Creatures
  A lich (D)
  An emperor scorpion (D)
  A frost giant (D)
  A stone giant (D)
  A dire elephant (D)
  Azrael (D)
  An ettin (D)
  A merfolk impaler (D)
  An entropy weaver (D)
  A salamander tyrant (D)
  A hydra (D)
  2 ogre magi (D)
  A radroach (D)
  5 two-headed ogres (D)
  An alligator snapping turtle (D)
  3 boulder beetles (D)
  A merfolk avatar (D)
  A naga warrior (D)
  A tengu warrior (D)
  An anaconda (D)
  Urug (D)
  A shock serpent (D)
  A skyshark (D)
  An orb spider (D)
  A lindwurm (D)
  3 orc knights (D)
  A steelbarb worm (D)
  2 deep elf pyromancers (D)
  A mana viper (D)
  A cyclops (D)
  2 ugly things (D)
  4 black mambas (D)
  A water nymph (D)
  A torpor snail (D)
  7 elephants (D)
  2 cane toads (D)
  A rime drake (D)
  A yaktaur (D)
  A troll (D)
  A merfolk (D)
  A tarantella (D)
  A tyrant leech (shapeshifter) (D)
  A wind drake (D)
  A blink frog (D)
  A dream sheep (D)
  2 snapping turtles (D)
  2 slime creatures (D)
  A jumping spider (D)
  A shadow (D)
  A water elemental (D)
  2 yaks (D)
  2 wraiths (D)
  2 fire elementals (D)
  A vampire mosquito (D)
  An acid dragon (D)
  A naga (D)
  2 hell hounds (D)
  4 water moccasins (D)
  8 orc warriors (D)
  8 ogres (D)
  2 bullfrogs (D)
  A gnoll sergeant (D)
  3 orc priests (D)
  A sleepcap (D)
  6 orc wizards (D)
  An iguana (D)
  A hell rat (D)
  8 orcs (D)
  2 endoplasms (D)
  A kobold (D)
  A ball python (D)
  A rat (D)
132 creatures vanquished.

Vanquished Creatures (others)
  A bunyip (D)
  A hydra (D)
  A spriggan druid (D)
  A vampire (D)
  An orc warrior (D)
5 creatures vanquished.

Grand Total: 137 creatures vanquished

Notes
Turn   | Place    | Note
-------+----------+-------------------------------------------
     0 | D        | rocky1 the Djinni Shapeshifter began the quest for the Orb.
     0 | D        | Reached XP level 1. HP: 17/17 MP: 0/0
   118 | D        | Noticed a sleepcap
   118 | D        | Noticed an ogre
   118 | D        | Noticed an iguana
   118 | D        | Noticed an orc priest
   123 | D        | Killed a sleepcap
   124 | D        | Reached skill level 1 in Armour
   124 | D        | Reached skill level 4 in Unarmed Combat
   124 | D        | Reached skill level 1 in Spellcasting
   124 | D        | Reached skill level 1 in Conjurations
   124 | D        | Reached skill level 1 in Hexes
   124 | D        | Reached skill level 1 in Summonings
   124 | D        | Reached skill level 1 in Necromancy
   124 | D        | Reached skill level 1 in Translocations
   124 | D        | Reached skill level 1 in Transmutations
   124 | D        | Reached skill level 1 in Fire Magic
   124 | D        | Reached skill level 1 in Ice Magic
   124 | D        | Reached skill level 1 in Air Magic
   124 | D        | Reached skill level 1 in Earth Magic
   124 | D        | Reached skill level 1 in Poison Magic
   124 | D        | Reached XP level 2. HP: 24/24 MP: 0/0
   124 | D        | Reached XP level 3. HP: 29/29 MP: 0/0
   124 | D        | Learned a level 1 spell: Summon Small Mammal
   126 | D        | Killed an ogre
   127 | D        | Reached skill level 5 in Unarmed Combat
   127 | D        | Reached XP level 4. HP: 37/37 MP: 0/0
   127 | D        | Reached XP level 5. HP: 41/41 MP: 0/0
   127 | D        | Learned a level 2 spell: Lesser Beckoning
   517 | D        | Found a snail-covered altar of Cheibriados.
   517 | D        | Found a shadowy altar of Dithmenos.
   517 | D        | Found a white marble altar of Elyvilon.
   517 | D        | Found a blossoming altar of Fedhas.
   517 | D        | Found an opulent altar of Gozag.
   518 | D        | Found a hazy altar of Hepliaklqana.
   519 | D        | Found a viscous altar of Jiyva.
   521 | D        | Found a corrupted altar of Lugonu.
   522 | D        | Found a burning altar of Makhleb.
   523 | D        | Found a sparkling altar of Nemelex Xobeh.
   524 | D        | Found an iron altar of Okawaru.
   525 | D        | Became a worshipper of Gozag Ym Sagoz the Greedy
   526 | D        | Found a stormy altar of Qazlal.
   527 | D        | Found a sacrificial altar of Ru.
   529 | D        | Found a bloodstained altar of Trog.
   530 | D        | Found a hide-covered altar of Uskayaw.
   532 | D        | Found an ornate altar of the Wu Jian Council.
   533 | D        | Found a shimmering altar of Xom.
   534 | D        | Found a basalt altar of Yredelemnul.
   535 | D        | Found a glowing silver altar of Zin.
   536 | D        | Found a glowing golden altar of the Shining One.
   583 | D        | Noticed a wraith
   583 | D        | Noticed a wraith
   583 | D        | Noticed a shadow
   583 | D        | Noticed an orc warrior
   591 | D        | Killed a wraith
   592 | D        | Reached skill level 5 in Dodging
   592 | D        | Reached skill level 6 in Unarmed Combat
   592 | D        | Reached skill level 5 in Shapeshifting
   592 | D        | Reached XP level 6. HP: 43/50 MP: 0/0
   595 | D        | Killed a wraith
   595 | D        | HP: 2/50 [something (27)]
   596 | D        | Reached skill level 7 in Unarmed Combat
   596 | D        | Reached XP level 7. HP: 3/57 MP: 0/0
   596 | D        | Learned a level 2 spell: Momentum Strike
   598 | D        | Killed a shadow
   600 | D        | Reached skill level 5 in Armour
   600 | D        | Reached skill level 8 in Unarmed Combat
   605 | D        | Reached XP level 8. HP: 19/65 MP: 0/0
   775 | D        | Noticed a troll
   775 | D        | Noticed a slime creature
   775 | D        | Noticed a vampire
   775 | D        | Noticed a deep elf pyromancer
   786 | D        | Killed a slime creature
   792 | D        | Killed a troll
   793 | D        | Reached skill level 9 in Unarmed Combat
   801 | D        | Noticed a fire elemental
   802 | D        | Killed a deep elf pyromancer
   803 | D        | Reached skill level 5 in Spellcasting
   803 | D        | Reached skill level 5 in Conjurations
   803 | D        | Reached skill level 5 in Hexes
   803 | D        | Reached skill level 5 in Summonings
   803 | D        | Reached skill level 5 in Necromancy
   803 | D        | Reached skill level 5 in Translocations
   803 | D        | Reached skill level 5 in Transmutations
   803 | D        | Reached skill level 5 in Fire Magic
   803 | D        | Reached skill level 5 in Ice Magic
   803 | D        | Reached skill level 5 in Air Magic
   803 | D        | Reached skill level 5 in Earth Magic
   803 | D        | Reached skill level 5 in Poison Magic
   803 | D        | Reached XP level 9. HP: 20/72 MP: 0/0
   803 | D        | Learned a level 4 spell: Petrify
  1415 | D        | Noticed a black mamba
  1417 | D        | Reached skill level 10 in Unarmed Combat
  1418 | D        | Noticed a blink frog
  1419 | D        | Noticed a cane toad
  1431 | D        | Killed a black mamba
  1432 | D        | Reached skill level 10 in Fighting
  1458 | D        | Killed a cane toad
  1459 | D        | Reached XP level 10. HP: 24/81 MP: 0/0
  1462 | D        | Reached skill level 11 in Unarmed Combat
  1973 | D        | Noticed a lindwurm
  1973 | D        | Noticed a rime drake
  1973 | D        | Noticed a skyshark
  1973 | D        | Noticed a cane toad
  1974 | D        | Noticed a five-headed hydra
  1982 | D        | Killed a lindwurm
  1991 | D        | Killed a rime drake
  1992 | D        | Reached skill level 12 in Unarmed Combat
  2139 | D        | Killed a cane toad
  2150 | D        | Killed a skyshark
  2151 | D        | Reached skill level 13 in Unarmed Combat
  2634 | D        | Killed a five-headed hydra
  2635 | D        | Reached skill level 14 in Unarmed Combat
  2635 | D        | Reached XP level 11. HP: 35/87 MP: 0/0
  2635 | D        | Learned a level 5 spell: Metabolic Englaciation
  2920 | D        | Noticed an elephant
  2920 | D        | Noticed a dire elephant
  2920 | D        | Noticed an elephant
  2920 | D        | Noticed an elephant
  2920 | D        | Noticed an elephant
  2920 | D        | Noticed an elephant
  2922 | D        | Noticed an elephant
  2937 | D        | Killed a dire elephant
  2938 | D        | Reached skill level 15 in Unarmed Combat
  3399 | D        | Killed an elephant
  3407 | D        | Killed an elephant
  3560 | D        | Killed an elephant
  3566 | D        | Killed an elephant
  3567 | D        | Reached skill level 16 in Unarmed Combat
  3797 | D        | Killed an elephant
  3841 | D        | Killed an elephant
  3929 | D        | Noticed an elephant
  3939 | D        | Killed an elephant
  4020 | D        | Noticed an ogre mage
  4020 | D        | Noticed a two-headed ogre
  4020 | D        | Noticed a two-headed ogre
  4020 | D        | Noticed a two-headed ogre
  4020 | D        | Found Hiacw's Assorted Antiques.
  4020 | D        | Found Jehuf's Armour Emporium.
  4020 | D        | Found Joitete's Antique Weapon Shoppe.
  4020 | D        | Found Likorchi's Weapon Emporium.
  4040 | D        | Noticed Urug
  4052 | D        | Killed Urug
  4053 | D        | Reached skill level 17 in Unarmed Combat
  4386 | D        | Noticed an ettin
  4393 | D        | Killed an ettin
  4394 | D        | Reached skill level 10 in Shapeshifting
  4711 | D        | Noticed an orc knight
  4714 | D        | Noticed an orc knight
  4718 | D        | Killed an orc knight
  4721 | D        | Reached skill level 18 in Unarmed Combat
  4721 | D        | Reached XP level 12. HP: 59/94 MP: 0/0
  4779 | D        | Reached skill level 1 in Stealth
  5055 | D        | Bought a pair of polished gloves for 304 gold pieces
  5055 | D        | Identified the +0 pair of gloves of the Vacuum {rPois rC+}
                  | (You bought it in a shop in the Dungeon)
  5055 | D        | Bought a glowing cloak for 240 gold pieces
  5055 | D        | Bought a garnet-encrusted crystal plate armour for 2720
                  | gold pieces
  5055 | D        | Identified the +3 crystal plate armour of Meniafaq {Rampage
                  | rF++ rC- Dex+3} (You bought it in a shop in the Dungeon)
  5080 | D        | Bought a scorched chain mail for 304 gold pieces
  5080 | D        | Identified the +11 chain mail of Morality {+Inv rPois rCorr
                  | Stlth+} (You bought it in a shop in the Dungeon)
  5080 | D        | Bought an ichor-stained chain mail for 304 gold pieces
  5080 | D        | Identified the +6 chain mail of the Wasteland {rF+} (You
                  | bought it in a shop in the Dungeon)
  5080 | D        | Bought a polished chain mail for 304 gold pieces
  5080 | D        | Identified the +0 chain mail of Jalouhy {Regen+ Dex-2
                  | Stlth+} (You bought it in a shop in the Dungeon)
  5183 | D        | Noticed a two-headed ogre
  5183 | D        | Noticed a two-headed ogre
  5191 | D        | Killed a two-headed ogre
  5197 | D        | Killed a two-headed ogre
  5204 | D        | Killed an ogre mage
  5215 | D        | Killed a two-headed ogre
  5216 | D        | Reached skill level 19 in Unarmed Combat
  5229 | D        | Killed a two-headed ogre
  5365 | D        | Killed a two-headed ogre
  5413 | D        | Bought a black potion for 17 gold pieces
  5413 | D        | Bought a scroll labelled ATAOMOO JIMIRGH for 19 gold pieces
  5413 | D        | Bought a scroll of revelation for 142 gold pieces
  5413 | D        | Bought a scroll of revelation for 142 gold pieces
  5413 | D        | Bought a scroll labelled TEPOACV VUEMAR for 19 gold pieces
  5594 | D        | Acquired 1084 gold pieces
  5643 | D        | Noticed an ogre mage
  5643 | D        | Noticed a boulder beetle
  5658 | D        | Noticed a boulder beetle
  5659 | D        | Killed a boulder beetle
  5668 | D        | Noticed a frost giant
  5675 | D        | Killed an ogre mage
  5684 | D        | Reached skill level 20 in Unarmed Combat
  5690 | D        | Killed a boulder beetle
  5691 | D        | Reached XP level 13. HP: 53/103 MP: 0/0
  5691 | D        | Learned a level 5 spell: Summon Mana Viper
  5699 | D        | HP: 3/103 [frost giant/bolt of cold (31)]
  5771 | D        | Killed a frost giant
  5836 | D        | Noticed an anaconda
  5838 | D        | an anaconda changed into a tyrant leech
  6277 | D        | Noticed a lich
  6290 | D        | Killed a lich
  6611 | D        | Noticed a stone giant
  6622 | D        | Killed a stone giant
  6888 | D        | Bought a scroll of identify for 60 gold pieces
  6888 | D        | Bought a transparent marble ring for 150 gold pieces
  6888 | D        | Identified the ring of the Middle {rF+ rCorr} (You bought
                  | it in a shop in the Dungeon)
  6888 | D        | Bought 2 potions of haste for 600 gold pieces
  6888 | D        | Bought a jewelled bone wand for 120 gold pieces
  6888 | D        | Bought a murky silvery potion for 27 gold pieces
  6935 | D        | Noticed Azrael
  6946 | D        | Killed Azrael
  7119 | D        | Bought a scroll labelled FEMUNT SUOSIE for 39 gold pieces
  7119 | D        | Bought an orange potion for 35 gold pieces
  7123 | D        | Bought a heavily runed hat for 288 gold pieces
  7123 | D        | Identified the +2 hat of Gravity {Dex+5} (You bought it in
                  | a shop in the Dungeon)
  7135 | D        | Noticed an alligator snapping turtle
  7135 | D        | Noticed a merfolk impaler
  7135 | D        | Noticed a merfolk avatar
  7148 | D        | Killed an alligator snapping turtle
  7159 | D        | Killed a merfolk impaler
  7170 | D        | Reached skill level 21 in Unarmed Combat
  7177 | D        | Killed a merfolk avatar
  7196 | D        | Reached skill level 15 in Fighting
  7198 | D        | Noticed an anaconda
  7201 | D        | Killed an anaconda
  7203 | D        | Noticed a salamander tyrant
  7226 | D        | Reached skill level 15 in Shapeshifting
  7232 | D        | Killed a salamander tyrant
  7384 | D        | Bought a scroll of vulnerability for 40 gold pieces
  7384 | D        | Bought a scroll of torment for 95 gold pieces
  7384 | D        | Bought a scroll of brand weapon for 95 gold pieces
  7384 | D        | Bought a scroll of blinking for 75 gold pieces
  7384 | D        | Bought a scroll of poison for 40 gold pieces
  7389 | D        | Noticed an entropy weaver
  7389 | D        | Noticed a radroach
  7389 | D        | Noticed an emperor scorpion
  7403 | D        | Killed a radroach
  7404 | D        | Reached XP level 14. HP: 83/115 MP: 0/0
  7422 | D        | Killed an emperor scorpion
  7795 | D        | Noticed a bunyip
  7795 | D        | Noticed a bunyip
  7806 | D        | Noticed an eleionoma
  7808 | D        | Killed a bunyip
  7808 | D        | HP: 5/116 [spectral five-headed hydra[a ghost crab] (2)]
  7808 | D        | HP: 1/116 [spectral five-headed hydra[a ghost crab] (4)]
  7809 | D        | Slain by a bunyip

Illustrated notes

Levels and vault maps discovered:
D:        linesprint [early_d, line_temple, items_1, d_10, items_2, lair_1,
          lair_end, items_3, orc_1, orc_end, items_4, d_15, swamp_1, shoals_1,
          snake_1, spider_1, d_20, vaults_1, items_5, swamp_end, shoals_end,
          snake_end, spider_end, vaults_end, d_27, items_6, zot_1, zot_end,
          crypt_end, forest_end, elf_end, slime_end, tomb_end, abyss_end,
          pan_hell_end]

Skill      XL: |  1  2  3  4  5  6  7  8  9 10 11 12 13 14 |
---------------+-------------------------------------------+-----
Fighting       | 2 4 6 7 9 10 11 13 15 16 | 16.2
Armour         | 1 2 4 5 6 7 8 9 |  9.9
Dodging        | 3 5 6 7 8 9 |  9.5
Unarmed Combat | 4 5 6 7 8 9 10 14 18 20 21 | 21.9
Spellcasting   | 1 2 3 4 5 6 |  6.0
Conjurations   | 1 2 3 4 5 6 |  6.0
Hexes          | 1 2 3 4 5 6 |  6.0
Summonings     | 1 2 3 4 5 6 |  6.0
Necromancy     | 1 2 3 4 5 6 |  6.0
Translocations | 1 2 3 4 5 6 |  6.0
Transmutations | 1 2 3 4 5 6 |  6.0
Fire Magic     | 1 2 3 4 5 6 |  6.0
Ice Magic      | 1 2 3 4 5 6 |  6.0
Air Magic      | 1 2 3 4 5 6 |  6.0
Earth Magic    | 1 2 3 4 5 6 |  6.0
Poison Magic   | 1 2 3 4 5 6 |  6.0
Shapeshifting  | 3 4 5 6 7 8 9 10 12 15 16 | 16.1
Stealth        | 3 |  3.2
Throwing       | |  0.9
Evocations     | |  0.4

Action                     |  1- 3 |  4- 6 |  7- 9 | 10-12 | 13-15 || total
---------------------------+-------+-------+-------+-------+-------++-------
  Melee: Unarmed           |    15 |    16 |    79 |   311 |   225 ||   646
         Punch             |     1 |       |     5 |    25 |       ||    31
  Throw: Javelin           |       |       |       |     4 |       ||     4
 Invoke: Potion Petition   |       |       |     1 |     1 |     3 ||     5
         Call Merchant     |       |       |       |     1 |     4 ||     5
  Evoke: Wand              |       |     4 |     2 |     4 |     3 ||    13
    Use: Potion            |     1 |     1 |     6 |     6 |     5 ||    19
         Scroll            |       |       |       |     6 |     7 ||    13
   Stab: Invisible         |       |     2 |     6 |     9 |       ||    17
         Distracted        |       |       |     1 |     1 |     5 ||     7
 Armour: Skin              |     3 |     3 |       |       |       ||     6
         Animal skin       |     1 |       |       |       |       ||     1
         Scale mail        |       |     3 |    23 |    54 |       ||    80
         Chain mail        |       |       |       |    18 |    91 ||   109
  Dodge: Dodged            |     2 |     5 |    32 |   105 |    97 ||   241
   Form: Flux              |       |       |       |     1 |       ||     1

Table legend: (Time is in decaauts)
 A = Elapsed time spent in this place.
 B = Non-inter-level travel time spent in this place.
 C = Inter-level travel time spent in this place.
 D = Time resting spent in this place.
 E = Time spent auto-exploring this place.
 F = Levels seen in this place.
 G = Mean time per level.
                   A        B        C        D        E       F      G
               +--------+--------+--------+--------+--------+-----+--------+
         Total |   7577 |   7577 |      0 |   5542 |     11 |   1 | 7577.0 |
       Dungeon |   7577 |   7577 |      0 |   5542 |     11 |   1 | 7577.0 |
               +--------+--------+--------+--------+--------+-----+--------+

Top non-repeatable levels by time:
       D: 7577 daAuts
